 Dungeon Crawl Stone Soup version 0.31-a0-188-g5e087ee2ca (webtiles) character file.

Game seed: 2014019289096154232

1717 qw the Skirmisher (level 8, -2/45 (46) HPs)
             Began as a Deep Elf Hunter on June 23, 2023.
             Slain by an iguana (3 damage)
             ... on level 7 of the Dungeon.
             The game lasted 00:02:23 (4827 turns).

qw the Skirmisher (Deep Elf Hunter)                 Turns: 4827, Time: 00:02:24

HP:   -2/45 (46)    AC:  8    Str: 13    XL:     8   Next: 74%
MP:   10/10         EV: 12    Int: 15    God:
Gold: 49            SH:  9    Dex: 18    Spells: 7/7 levels left

rFire   . . .        Y - +1 shortbow (drain)
rCold   . . .        (shield currently unavailable)
rNeg    . . .        d - +0 ring mail
rPois   +            e - +0 helmet
rElec   .            (no cloak)
rCorr   .            l - +1 pair of gloves {Str+3}
SInv    .            (no boots)
Will    .....        b - amulet of reflection
Stlth   +            n - ring of poison resistance
HPRegen 0.27/turn    (no ring)
MPRegen 0.12/turn

%: random rage (3%), reflection
@: about to teleport, lightly drained
A: large bone plates 1, berserk 1, teleportitis 1
a: no special abilities


You were on level 7 of the Dungeon.
You visited 1 branch of the dungeon, and saw 7 of its levels.

You collected 427 gold pieces.
You spent 378 gold pieces at shops.


Innate Abilities, Weirdness & Mutations

You are partially covered in large bone plates. (SH +4)
You sometimes lose your temper in combat.
You are occasionally teleported next to monsters.


   Skills:
 - Level 3.1 Fighting
 - Level 14.0 Ranged Weapons
 - Level 1.1 Armour
 + Level 4.1 Dodging
 - Level 1.2 Stealth


You had 7 spell levels left.
You didn't know any spells.
Your spell library was empty.

Inventory:

Hand Weapons
 Y - a +1 shortbow of draining (weapon)
Armour
 d - a +0 ring mail (worn)
 e - a +0 helmet (worn)
 l - a +1 pair of gloves of strength (worn)
Jewellery
 b - an amulet of reflection (around neck)
 n - a ring of poison resistance (left hand)
Scrolls
 a - a scroll of identify
 m - 2 scrolls of teleportation
Potions
 f - 2 potions of haste
 g - 6 potions of curing
 h - a potion of enlightenment
 j - a potion of might {unknown}

Dungeon Overview and Level Annotations

Branches:
Dungeon (7/15)             Temple (0/1) D:7

Altars:
Gozag
Makhleb
Nemelex Xobeh
Qazlal
Sif Muna
Trog
Xom
The Shining One

Shops:
D:1 [   D:5 (*!!

Annotations:
D:6 2 transporters, qw's ghost, novice DEHu


Message History

You hear an angry buzzing noise. x2
A kobold comes into view. It is wielding a +0 short sword.
Your Ranged Weapons skill increases to level 14!
4820 ||| PLANNING TEMPLE You shoot an arrow.
The kobold shouts!
The arrow hits the kobold.
You kill the kobold!
4821 ||| Stepping ~*~*~tactically~*~*~ (outnumbered).
A kobold comes into view. It is wielding a +0 dagger.
The kobold moves out of view.
You shoot an arrow. The arrow hits the kobold brigand.
You drain the kobold brigand.
The kobold brigand is moderately wounded.
You shoot an arrow. The arrow hits the kobold brigand.
The kobold brigand is moderately wounded.
The kobold brigand hits you with a +0 dagger.
An ice beast comes into view.
You shoot an arrow. The arrow hits the kobold brigand!
You drain the kobold brigand.
The kobold brigand is almost dead.
You block the kobold brigand's attack. The iguana closely misses you.
A kobold comes into view. It is wielding a +0 whip.
The kobold barely misses you.
You shoot an arrow.
The arrow barely misses the kobold brigand.
The arrow closely misses the kobold.
The kobold brigand closely misses you. The iguana bites you!
4826 ||| READING 3 scrolls of teleportation.
As you read the scroll of teleportation, it crumbles to dust.
You feel strangely unstable. You block the iguana's attack.
The kobold hits you with a +0 whip. The kobold misses you.
You shoot an arrow.
The arrow closely misses the kobold brigand.
The arrow hits the ice beast.
You drain the ice beast.
The ice beast is moderately wounded.
A killer bee comes into view.
You block the kobold brigand's attack. The iguana bites you.
You die... .. 777

###### .K ..7
#..... K. ...7
#..... K#.._.7
#..... .#y..
#..... ...
#....K##)#.7777
#.K@KK......
#..Kl....###
##.Y..#.....
......# ..##
....#... ...
#..>..###.# ##
#..... ..
...... #.#


You could see an ice beast (drained), a kobold brigand (very drained), an
iguana, a killer bee (wandering) and 4 kobolds.

Vanquished Creatures
  An orc warrior (D:6)
  2 ogres
  A phantom (D:5)
  2 scorpions
  5 wights
  2 orc priests
  2 jellies (D:5)
  A gnoll bouda (D:6)
  6 hounds
  2 iguanas
  2 sleepcaps
  Jessica (D:3)
  Terence (D:3)
  Natasha (thrice) (D:2)
  5 orc wizards
  Robin (D:2)
  7 gnolls
  11 adders
  A white imp (D:6)
  An ufetubus (D:5)
  5 worms
  3 dart slugs
  13 orcs
  10 ball pythons
  3 bats
  12 endoplasms
  2 giant cockroaches
  10 hobgoblins
  5 quokkas
  A frilled lizard (D:3)
  12 goblins
  4 kobolds
  6 rats
143 creatures vanquished.

Notes
Turn   | Place    | Note
-------+----------+-------------------------------------------
     0 | D:1      | qw the Deep Elf Hunter began the quest for the Orb.
     0 | D:1      | Reached XP level 1. HP: 12/12 MP: 3/3
     0 | D:1      | 0 ||| qw: Version: 0.3-a-9-g12657ce
     0 | D:1      | 0 ||| qw: Game counter: 3667
     0 | D:1      | 0 ||| qw: Always use a shield: true
     0 | D:1      | 0 ||| qw: God list: Okawaru
     0 | D:1      | 0 ||| qw: Allow faded altars: false
     0 | D:1      | 0 ||| qw: Do Orc after D:15 true
     0 | D:1      | 0 ||| qw: Do second Lair branch before Depths: true
     0 | D:1      | 0 ||| qw: Lair rune preference: random
     0 | D:1      | 0 ||| qw: Plans: Normal
     0 | D:1      | 0 ||| PLANNING D:1-11
    20 | D:1      | 20 ||| FLEEEEING.
    21 | D:1      | 21 ||| FLEEEEING.
    96 | D:1      | Reached skill level 6 in Ranged Weapons
    96 | D:1      | Reached XP level 2. HP: 16/16 MP: 4/4
   156 | D:1      | 156 ||| Stepping ~*~*~tactically~*~*~ (water).
   239 | D:1      | Found a faded altar of an unknown god.
   324 | D:1      | Reached XP level 3. HP: 20/20 MP: 5/5
   419 | D:1      | Found Veak's Antique Armour Shop.
   424 | D:1      | 424 ||| SHOPLISTING glowing cloak (165 gold, have 77).
   424 | D:1      | 424 ||| SHOPLISTING glowing robe (81 gold, have 77).
   424 | D:1      | 424 ||| SHOPLISTING helmet (99 gold, have 77).
   424 | D:1      | 424 ||| SHOPLISTING pair of gloves (99 gold, have 77).
   424 | D:1      | 424 ||| SHOPLISTING pair of steaming gloves (209 gold, have
                  | 77).
   472 | D:1      | 472 ||| UPGRADING to +0 scale mail.
   482 | D:1      | 482 ||| DROPPING +0 leather armour.
   483 | D:1      | 483 ||| READING scroll labelled WUKURAF UDYVO.
   484 | D:1      | 484 ||| READING scroll labelled VUSYUG JUNNUNT.
   485 | D:1      | 485 ||| READING scroll labelled JEXUDGHEFIN.
   486 | D:1      | 486 ||| DROPPING scroll of butterflies.
   569 | D:2      | Reached skill level 7 in Ranged Weapons
   741 | D:2      | Noticed Natasha
   745 | D:2      | Killed Natasha
   746 | D:2      | Reached XP level 4. HP: 20/25 MP: 6/6
   831 | D:2      | Noticed Natasha
   843 | D:2      | Killed Natasha
   844 | D:2      | Reached skill level 8 in Ranged Weapons
   996 | D:2      | Noticed Natasha
   999 | D:2      | 999 ||| FLEEEEING.
  1000 | D:2      | 1000 ||| FLEEEEING.
  1001 | D:2      | 1001 ||| FLEEEEING.
  1002 | D:2      | 1002 ||| FLEEEEING.
  1003 | D:2      | 1003 ||| FLEEEEING.
  1004 | D:2      | 1004 ||| FLEEEEING.
  1005 | D:2      | 1005 ||| FLEEEEING.
  1006 | D:2      | 1006 ||| FLEEEEING.
  1020 | D:2      | 1020 ||| FLEEEEING.
  1040 | D:2      | 1040 ||| FLEEEEING.
  1047 | D:2      | Reached XP level 5. HP: 29/29 MP: 7/7
  1057 | D:2      | Killed Natasha
  1273 | D:2      | Noticed Robin
  1274 | D:2      | 1274 ||| Stepping ~*~*~tactically~*~*~ (outnumbered).
  1282 | D:2      | Killed Robin
  1286 | D:2      | HP: 7/29 [goblin/+0 dagger[Robin] (4)]
  1287 | D:2      | Reached skill level 9 in Ranged Weapons
  1288 | D:2      | 1288 ||| FLEEEEING.
  1296 | D:2      | 1296 ||| STAIRDANCE
  1375 | D:1      | 1375 ||| UPGRADING to +0 pair of gloves.
  1380 | D:1      | 1380 ||| UPGRADING to amulet of reflection.
  1385 | D:1      | 1385 ||| READING scroll labelled HUNTA KYNOKYUZ.
  1386 | D:1      | 1386 ||| DRINKING 2 amethyst potions.
  1387 | D:1      | 1387 ||| DRINKING 2 smoky brown potions.
  1388 | D:1      | 1388 ||| DROPPING potion of invisibility.
  1418 | D:2      | Found a bloodstained altar of Trog.
  1643 | D:2      | 1643 ||| UPGRADING to +0 helmet.
  1648 | D:2      | 1648 ||| READING scroll labelled WAOHO HURIPP.
  1687 | D:3      | Noticed Jessica
  1690 | D:3      | Killed Jessica
  1691 | D:3      | Reached skill level 1 in Armour
  1866 | D:3      | Found a glowing golden altar of the Shining One.
  1877 | D:3      | 1877 ||| DRINKING 2 fuming amethyst potions.
  1877 | D:3      | Gained mutation: You are frail. (-10% HP) [potion of
                  | mutation]
  1877 | D:3      | Gained mutation: You have a pair of small antennae on your
                  | head. [potion of mutation]
  1877 | D:3      | Gained mutation: You are partially covered in large bone
                  | plates. (SH +4) [potion of mutation]
  1878 | D:3      | 1878 ||| DRINKING potion of mutation.
  1878 | D:3      | Lost mutation: You are partially covered in large bone
                  | plates. (SH +4) [potion of mutation]
  1878 | D:3      | Lost mutation: You have a pair of small antennae on your
                  | head. [potion of mutation]
  1878 | D:3      | Gained mutation: You expend magic power (3 MP) to
                  | strengthen your wands. [potion of mutation]
  1878 | D:3      | Gained mutation: You have large cloven feet. [potion of
                  | mutation]
  1878 | D:3      | Gained mutation: You are occasionally teleported next to
                  | monsters. [potion of mutation]
  1879 | D:3      | 1879 ||| UPGRADING to +0 helmet.
  1942 | D:3      | Found a bloodstained altar of Trog.
  1970 | D:3      | HP: 6/27 [orc wizard/puff of flame (13)]
  1971 | D:3      | 1971 ||| DRINKING potion of heal wounds.
  1975 | D:3      | Reached XP level 6. HP: 31/31 MP: 8/8
  1976 | D:3      | 1976 ||| DRINKING potion of mutation.
  1976 | D:3      | Lost mutation: You have large cloven feet. [potion of
                  | mutation]
  1976 | D:3      | Lost mutation: You are frail. (-10% HP) [potion of
                  | mutation]
  1976 | D:3      | Lost mutation: You expend magic power (3 MP) to strengthen
                  | your wands. [potion of mutation]
  1976 | D:3      | Gained mutation: You sometimes lose your temper in combat.
                  | [potion of mutation]
  1976 | D:3      | Gained mutation: You are partially covered in large bone
                  | plates. (SH +4) [potion of mutation]
  2054 | D:3      | Noticed Terence
  2060 | D:3      | Killed Terence
  2353 | D:3      | 2353 ||| UPGRADING to +0 ring mail.
  2363 | D:3      | 2363 ||| DROPPING +0 scale mail.
  2364 | D:3      | 2364 ||| DRINKING 2 bubbling red potions.
  2434 | D:4      | Found an opulent altar of Gozag.
  2459 | D:4      | Reached skill level 10 in Ranged Weapons
  2590 | D:4      | Reached skill level 3 in Dodging
  2819 | D:4      | Reached XP level 7. HP: 39/40 MP: 9/9
  2833 | D:4      | Found a sparkling altar of Nemelex Xobeh.
  3107 | D:4      | 3107 ||| READING 2 scrolls labelled ZOGIBBE YREI.
  3108 | D:4      | 3108 ||| READING scroll labelled YSMIRHYWIT.
  3109 | D:4      | 3109 ||| DROPPING scroll of amnesia.
  3117 | D:5      | Entered Level 5 of the Dungeon
  3166 | D:5      | Reached skill level 11 in Ranged Weapons
  3211 | D:5      | Found Ogreteum's Antique Weapon Emporium.
  3233 | D:5      | 3233 ||| FLEEEEING.
  3234 | D:5      | 3234 ||| FLEEEEING.
  3235 | D:5      | 3235 ||| FLEEEEING.
  3236 | D:5      | 3236 ||| FLEEEEING.
  3237 | D:5      | 3237 ||| FLEEEEING.
  3238 | D:5      | 3238 ||| FLEEEEING.
  3239 | D:5      | 3239 ||| FLEEEEING.
  3240 | D:5      | 3240 ||| FLEEEEING.
  3241 | D:5      | 3241 ||| FLEEEEING.
  3242 | D:5      | 3242 ||| FLEEEEING.
  3251 | D:5      | 3251 ||| FLEEEEING.
  3252 | D:5      | 3252 ||| FLEEEEING.
  3253 | D:5      | 3253 ||| FLEEEEING.
  3254 | D:5      | 3254 ||| FLEEEEING.
  3255 | D:5      | 3255 ||| FLEEEEING.
  3256 | D:5      | 3256 ||| FLEEEEING.
  3257 | D:5      | 3257 ||| FLEEEEING.
  3260 | D:5      | 3260 ||| FLEEEEING.
  3261 | D:5      | 3261 ||| FLEEEEING.
  3262 | D:5      | 3262 ||| FLEEEEING.
  3263 | D:5      | 3263 ||| FLEEEEING.
  3264 | D:5      | 3264 ||| FLEEEEING.
  3265 | D:5      | 3265 ||| FLEEEEING.
  3268 | D:5      | 3268 ||| FLEEEEING.
  3269 | D:5      | 3269 ||| FLEEEEING.
  3270 | D:5      | 3270 ||| FLEEEEING.
  3271 | D:5      | 3271 ||| FLEEEEING.
  3272 | D:5      | 3272 ||| FLEEEEING.
  3273 | D:5      | 3273 ||| FLEEEEING.
  3274 | D:5      | 3274 ||| FLEEEEING.
  3275 | D:5      | 3275 ||| FLEEEEING.
  3469 | D:5      | Reached skill level 12 in Ranged Weapons
  3577 | D:5      | Found Mexuwog's Distillery.
  3582 | D:5      | Found Danwesuh's General Store.
  3585 | D:5      | 3585 ||| BUYING potion of curing (42 gold).
  3585 | D:5      | Bought a potion of curing for 42 gold pieces
  3585 | D:5      | 3585 ||| BUYING potion of curing (42 gold).
  3585 | D:5      | Bought a potion of curing for 42 gold pieces
  3585 | D:5      | 3585 ||| BUYING potion of curing (42 gold).
  3585 | D:5      | Bought a potion of curing for 42 gold pieces
  3585 | D:5      | 3585 ||| BUYING potion of haste (140 gold).
  3585 | D:5      | Bought a potion of haste for 140 gold pieces
  3585 | D:5      | 3585 ||| SHOPLISTING potion of haste (140 gold, have 123).
  3585 | D:5      | 3585 ||| BUYING potion of heal wounds (70 gold).
  3585 | D:5      | Bought a potion of heal wounds for 70 gold pieces
  3585 | D:5      | 3585 ||| SHOPLISTING potion of mutation (112 gold, have
                  | 53).
  3601 | D:5      | 3601 ||| SHOPLISTING scroll of brand weapon (133 gold, have
                  | 53).
  3601 | D:5      | 3601 ||| BUYING scroll of teleportation (42 gold).
  3601 | D:5      | Bought a scroll of teleportation for 42 gold pieces
  3612 | D:5      | Found Rezu's Distillery.
  3615 | D:5      | 3615 ||| SHOPLISTING 2 potions of heal wounds (140 gold,
                  | have 11).
  3615 | D:5      | 3615 ||| SHOPLISTING potion of curing (42 gold, have 11).
  3615 | D:5      | 3615 ||| SHOPLISTING potion of enlightenment (70 gold, have
                  | 11).
  3615 | D:5      | 3615 ||| SHOPLISTING potion of might (56 gold, have 11).
  3615 | D:5      | 3615 ||| SHOPLISTING potion of mutation (112 gold, have
                  | 11).
  3646 | D:5      | 3646 ||| UPGRADING to +1 pair of gloves of strength.
  3656 | D:5      | 3656 ||| DROPPING +0 pair of gloves.
  3678 | D:6      | Found a burning altar of Makhleb.
  3737 | D:6      | Found a transporter.
  3763 | D:6      | Found a transporter.
  3788 | D:6      | Noticed qw's ghost (novice DEHu)
  3842 | D:6      | Found a stormy altar of Qazlal.
  4008 | D:6      | 4008 ||| FLEEEEING.
  4009 | D:6      | 4009 ||| FLEEEEING.
  4023 | D:6      | Reached XP level 8. HP: 43/44 MP: 10/10
  4034 | D:6      | Identified the +4 whip "Mueffug" {holy, rPois}
  4084 | D:6      | Reached skill level 3 in Fighting
  4203 | D:6      | 4203 ||| FLEEEEING.
  4204 | D:6      | 4204 ||| FLEEEEING.
  4267 | D:6      | Reached skill level 13 in Ranged Weapons
  4517 | D:6      | 4517 ||| READING scroll of brand weapon.
  4517 | D:6      | 4517 ||| BRANDING +0 shortbow of electrocution.
  4540 | D:6      | Found a shimmering blue altar of Sif Muna.
  4545 | D:6      | 4545 ||| UPGRADING to ring of poison resistance.
  4554 | D:6      | 4554 ||| READING scroll labelled BAVUIL TIA.
  4632 | D:6      | 4632 ||| DRINKING 3 glowing yellow potions.
  4677 | D:6      | 4677 ||| DROPPING 2 potions of lignification.
  4711 | D:7      | 4711 ||| STAIRDANCE
  4814 | D:7      | HP: 8/46 [wight/+2 great sword (8)]
  4815 | D:7      | 4815 ||| READING 4 scrolls of teleportation.
  4816 | D:7      | 4816 ||| DRINKING potion of heal wounds.
  4819 | D:7      | Found a shimmering altar of Xom.
  4819 | D:7      | Found a staircase to the Ecumenical Temple.
  4820 | D:7      | Reached skill level 14 in Ranged Weapons
  4820 | D:7      | 4820 ||| PLANNING TEMPLE
  4821 | D:7      | 4821 ||| Stepping ~*~*~tactically~*~*~ (outnumbered).
  4825 | D:7      | HP: 1/45 [iguana (12)]
  4826 | D:7      | 4826 ||| READING 3 scrolls of teleportation.
  4827 | D:7      | Slain by an iguana

Levels and vault maps discovered:
D:1:      minmay_arrival_solitary_statue, layout_rooms, serial_shops,
          nicolae_shop_trees, hellmonk_ecumenical_altar_crossroads,
          chequers_serial_rivers_micro_c, minmay_crystal_water
D:2:      layout_loops_ring, basic_altar, serial_bayou_pond_d,
          minmay_heptomino_o4, uniq_robin, uniq_natasha
D:3:      layout_loops_ring, amcnicky_altar_gilded,
          mainiacjoe_overflow_surrounded_room, uniq_jessica, uniq_terence
D:4:      layout_loops_ring, mainiacjoe_overflow_six_doors_small,
          nemelex_diamond_rough_becter, nicolae_half_adder
D:5:      layout_basic, serial_shops, shop, nicolae_shop_advertising_works
          [nicolae_subvault_shop_adworks], kennysheep_mini, shop
D:6:      layout_loops_ring, kennysheep_orc_sif_temple,
          mainiacjoe_overflow_paths, general_overflow_altar,
          gammafunk_ghost_stat_death, hellmonk_no_cap
D:7:      layout_loops_cross, mainiacjoe_overflow_alcove_1,
          minmay_temple_entry_tees, serial_shops, nicolae_shop_tiny_waterfront,
          uniq_joseph

Skill      XL: |  1  2  3  4  5  6  7  8 |
---------------+-------------------------+-----
Ranged Weapons | 6 7 8 9 10 12 14 | 14.0
Armour         | 1 |  1.1
Fighting       | 2 3 |  3.1
Dodging        | 3 4 |  4.1
Stealth        | |  1.2

Action                     |  1- 3 |  4- 6 |  7- 9 || total
---------------------------+-------+-------+-------++-------
   Fire: Shortbow          |   113 |   198 |   201 ||   512
    Use: Scroll            |     3 |     2 |     6 ||    11
         Potion            |       |     7 |     2 ||     9
 Armour: Leather armour    |     5 |       |       ||     5
         Scale mail        |    26 |    27 |       ||    53
         Ring mail         |       |       |     7 ||     7
  Dodge: Dodged            |    29 |    44 |    35 ||   108
  Block: Other             |       |    16 |    21 ||    37
         Reflection        |       |     2 |       ||     2

Table legend:
 A = Non-vault XP
 B = Vault XP
 C = Vault XP percentage of total XP
 D = Non-vault monster count
 E = Vault monster count
 F = Vault count percentage of total count
                 A         B        C        D         E       F
            +---------+---------+-------+---------+---------+-------
      Total |    1833 |     620 |  25.3 |     119 |      24 |  16.8
            +---------+---------+-------+---------+---------+-------
        D:1 |      46 |       0 |   0.0 |      23 |       0 |   0.0
        D:2 |     175 |      65 |  27.1 |      23 |      11 |  32.4
        D:3 |      63 |      73 |  53.7 |      14 |       2 |  12.5
        D:4 |     322 |      65 |  16.8 |      23 |       5 |  17.9
        D:5 |     555 |       0 |   0.0 |      17 |       0 |   0.0
        D:6 |     381 |     417 |  52.3 |      14 |       6 |  30.0
        D:7 |     291 |       0 |   0.0 |       5 |       0 |   0.0
            +---------+---------+-------+---------+---------+-------
